 Dungeon Crawl Stone Soup version 0.25-a0-413-g3b4b6a4ccc (webtiles) character file.

Game seed: 8921571328693922394, levelgen mode: deterministic

11 MrRokkomies the Ducker (level 2, 0/16 HPs)
             Began as a Spriggan Abyssal Knight on Jan 16, 2020.
             Was a Follower of Lugonu.
             Killed from afar by a starcursed mass (8 damage)
             ... with an accursed screaming
             ... on level 2 of the Abyss.
             The game lasted 00:01:27 (542 turns).

MrRokkomies the Ducker (Spriggan Abyssal Knight)     Turns: 542, Time: 00:01:27

Health: 0/16       AC:  2    Str:  8    XL:     2   Next: 13%
Magic:  4/4        EV: 19    Int: 13    God:    Lugonu [*.....]
Gold:   36         SH:  0    Dex: 15    Spells: 1/1 levels left

rFire    . . .     SeeInvis +   a - +1 short sword
rCold    . . .     Gourm    .   (shield restricted)
rNeg     . . .     Faith    +   b - +0 robe
rPois    .         Spirit   .   (helmet restricted)
rElec    .         Reflect  .   (no cloak)
rCorr    .         Harm     .   (gloves unavailable)
MR       .....                  (boots unavailable)
Stlth    ++........             e - amulet of faith
HPRegen  0.05/turn              (no ring)
MPRegen  0.09/turn              (no ring)

@: very quick
A: very small, unfitting armour, see invisible, herbivore, speed 3, slow
metabolism 2
a: Depart the Abyss, Renounce Religion


You were on level 2 of the Abyss.
You worshipped Lugonu.
Lugonu was aware of your devotion.
You were not hungry.

You visited 0 branches of the dungeon, and saw 0 of its levels.
You visited the Abyss 1 time.

You collected 36 gold pieces.

Inventory:

Hand Weapons
 a - a +1 short sword (weapon)
Armour
 b - a +0 robe (worn)
Jewellery
 e - an amulet of faith (around neck)
 f - an uncursed amulet of faith
Scrolls
 d - a scroll of teleportation {unknown}
Potions
 g - a potion of lignification {unknown}
Comestibles
 c - 2 rations


   Skills:
 - Level 2.6 Fighting
 * Level 2.4 Short Blades
 + Level 3.8 Dodging
 + Level 0.3 Stealth
 * Level 2.0 Invocations


You had one spell level left.
You didn't know any spells.
Your spell library was empty.

Dungeon Overview and Level Annotations

Branches:
Dungeon (0/15)

Altars:


Innate Abilities, Weirdness & Mutations

You are very small and have problems with some larger weapons.
You are too small for most types of armour.
You have supernaturally acute eyesight. (SInv)
You are a herbivore.
You cover ground extremely quickly.
You need to consume almost no food.


Message History

Your Invocations skill increases to level 2!
You have reached level 2!
A chaos spawn comes into view.
A small abomination comes into view.
You start resting.
A small abomination comes into view.
You start resting.
HP restored.
A starcursed mass comes into view.
A starcursed mass splits.
A starcursed mass splits.
A starcursed mass splits.
A chorus of shrieks assaults your mind.
Ouch! That really hurt!
A starcursed mass splits.
Found a ration.
Found 51 gold pieces.
The starcursed mass shrieks in your mind.
Ouch! That really hurt!
You die...

#.. .#....#####
.# #
#.#.X..#..#.#.#
..#.##.###......
..#.# ##.#...#
#.#..#
#.#.#.##### #
..# ###..#.#.. .
# ##..#.# # #.
#...##.#
#...#..@.#
#.##...#...#
$.#...##....%...
......# ..#...##
# ##.# ##.##.#
## # #


You could see a starcursed mass.

Vanquished Creatures
  2 ufetubi (Abyss:2)
2 creatures vanquished.

Notes
Turn   | Place    | Note
-------+----------+-------------------------------------------
     0 | Abyss:1  | MrRokkomies the Spriggan Abyssal Knight began the quest for
                  | the Orb.
     0 | Abyss:1  | Reached XP level 1. HP: 11/11 MP: 3/3
    59 | Abyss:1  | Noticed a neqoxec
   230 | Abyss:2  | Noticed a wretched star
   275 | Abyss:2  | Reached XP level 2. HP: 5/16 MP: 4/4
   299 | Abyss:2  | Noticed a chaos spawn
   331 | Abyss:2  | Noticed a small abomination
   446 | Abyss:2  | Noticed a small abomination
   530 | Abyss:2  | Noticed a starcursed mass
   542 | Abyss:2  | Killed from afar by a starcursed mass

Levels and vault maps discovered:
Abyss:2:  bh_abyss_exit_choice, evilmike_abyss_exit_glass

Skill      XL: |  1 |
---------------+----+-----
Invocations    | 2 |  2.0
Fighting       | |  2.6
Short Blades   | |  2.4
Dodging        | |  3.8
Stealth        | |  0.3

Action                   || total
-------------------------++-------
Melee: Short sword       ||    12
 Stab: Distracted        ||     1
Armor: Robe              ||     4
Dodge: Dodged            ||    25

Table legend:
 A = Non-vault XP
 B = Vault XP
 C = Vault XP percentage of total XP
 D = Non-vault monster count
 E = Vault monster count
 F = Vault count percentage of total count
                 A         B        C        D         E       F
            +---------+---------+-------+---------+---------+-------
      Total |      16 |       0 |   0.0 |       2 |       0 |   0.0
            +---------+---------+-------+---------+---------+-------
    Abyss:2 |      16 |       0 |   0.0 |       2 |       0 |   0.0
            +---------+---------+-------+---------+---------+-------
